 Dungeon Crawl Stone Soup version 0.31.0-2-g5a2aebc5c2 (webtiles) character file.

Game seed: 358422192092785046

249444 trckry the Tortoise (level 19, -14/125 (174) HPs)
             Began as a Minotaur Fighter on Jan 20, 2024.
             Was an Initiate of Gozag.
             Killed from afar by a shadow dragon (43 damage)
             ... with a bolt of negative energy
             ... on level 1 of the Vaults on Jan 21, 2024.
             The game lasted 02:39:21 (34886 turns).

trckry the Tortoise (Minotaur Fighter)             Turns: 34886, Time: 02:39:22

HP:   -14/125 (174) AC: 38    Str: 39    XL:     19   Next: 2%
MP:   18/18         EV: 14    Int:  8    God:    Gozag
Gold: 2454          SH: 15    Dex: 15    Spells: 18/18 levels left

rFire   + . .        z - +9 eveningstar (flame)
rCold   + . .        V - +0 kite shield {reflect}
rNeg    . . .        n - +5 crystal plate armour {rC+}
rPois   +            (helmet restricted)
rElec   +            A - +0 cloak of Hyodatyss {rF+ rCorr Str+4 Int+3}
rCorr   +            l - +0 pair of gloves
SInv    .            p - +2 pair of boots of the Pit {Dex+5}
Will    ++...        T - amulet of regeneration Stlth
                     y - ring "Veitiab" {rElec rPois Will+}
HPRegen 0.00/turn    Z - +6 ring of strength
MPRegen 0.16/turn

%: reflection
@: mighty, gold aura, inhibited regen, very heavily drained
A: horns 2, retaliatory headbutt, inhibited regeneration
}: 1/15 runes: barnacled
a: Renounce Religion, Potion Petition, Call Merchant, Bribe Branch


You were on level 1 of the Vaults.
You worshipped Gozag.
Gozag was most pleased with you.
You visited 6 branches of the dungeon, and saw 28 of its levels.
You also visited: Sewer, Bailey and Ice Cave.

You collected 14845 gold pieces.
You spent 2201 gold pieces at shops.
You paid 10190 gold pieces to Gozag.

Inventory:

Hand Weapons
 a - a +2 demon whip of freezing
 z - a +9 eveningstar of flaming (weapon)
Missiles
 X - a throwing net (quivered)
Armour
 l - a +0 pair of gloves (worn)
 n - a +5 crystal plate armour of cold resistance (worn)
 p - the +2 pair of boots of the Pit (worn) {Dex+5}
   (You acquired it on level 14 of the Dungeon)

   Dex+5:     It affects your dexterity (+5).
 A - the +0 cloak of Hyodatyss (worn) {rF+ rCorr Str+4 Int+3}
   (You found it on level 3 of the Dungeon)

   Str+4:     It affects your strength (+4).
   Int+3:     It affects your intelligence (+3).
   rF+:       It protects you from fire.
   rCorr:     It protects you from acid and corrosion.
 P - the +0 kite shield of the Gastropod {rC+}
   (You took it off an orc in a bailey)

   rC+:       It protects you from cold.
 V - a +0 kite shield of reflection (worn)
Jewellery
 g - the ring "Tenyuwuw" {Fly rPois}
   (You bought it in a shop on level 13 of the Dungeon)

   [ring of flight]

   rPois:     It protects you from poison Fly: It grants you flight.
 j - a ring of see invisible
 s - a +4 ring of protection
 y - the ring "Veitiab" (left hand) {rElec rPois Will+}
   (You found it in an ice cave)

   [ring of willpower]

   rElec:     It insulates you from electricity.
   rPois:     It protects you from poison Will+: It increases your willpower.
 Q - a ring of willpower
 T - an amulet of regeneration (around neck)
 Z - a +6 ring of strength (right hand)
Wands
 i - a wand of paralysis (14)
 F - a wand of roots (20)
 N - a wand of mindburst (7)
 O - a wand of quicksilver (32)
 Y - a wand of digging (20)
Scrolls
 f - a scroll of torment
 h - 2 scrolls of summoning
 k - 8 scrolls of vulnerability
 m - 13 scrolls of teleportation
 t - 7 scrolls of poison
 v - 4 scrolls of fog
 B - 3 scrolls of silence
 D - 7 scrolls of fear
 E - 6 scrolls of revelation
 G - 5 scrolls of blinking
 W - 8 scrolls of immolation
Potions
 b - 2 potions of haste
 c - a potion of magic
 d - 4 potions of might
 e - 4 potions of lignification
 o - 2 potions of invisibility
 r - 3 potions of berserk rage
 u - a potion of ambrosia
 w - 9 potions of curing
 x - 5 potions of heal wounds
 C - 3 potions of enlightenment
 H - 5 potions of resistance
 J - a potion of cancellation
 K - 9 potions of mutation
 R - 3 potions of attraction
Miscellaneous
 I - a phial of floods
 M - a condenser vane
 S - a lightning rod (4/4)


   Skills:
 + Level 16.7 Fighting
 - Level 16.0 Maces & Flails
 + Level 18.2 Armour
 + Level 13.7 Dodging
 + Level 18.1 Shields
 + Level 13.4 Evocations


You had 18 spell levels left.
You didn't know any spells.
Your spell library contained the following spells:

 Spells                   Type           Power      Damage    Failure   Level
 Slow                     Hex            0%         N/A       98%         1
 Cigotuvi's Dreadful Rot  Necr/Alch/Air  0%         N/A       99%         2
 Mercury Vapours          Alch/Air       0%         N/A       99%         2
 Confusing Touch          Hex            0%         N/A       100%        3
 Dazzling Flash           Conj/Hex       0%         N/A       100%        3
 Gell's Gravitas          Tloc           0%         N/A       100%        3
 Inner Flame              Hex/Fire       0%         N/A       100%        3
 Mephitic Cloud           Conj/Alch/Air  0%         N/A       100%        3
 Sigil of Binding         Hex            0%         N/A       100%        3
 Swiftness                Air            0%         N/A       100%        3
 Teleport Other           Tloc           0%         N/A       100%        3
 Vampiric Draining        Necr           0%         2d6       100%        3
 Volatile Blastmotes      Fire/Tloc      0%         2d10      100%        3
 Airstrike                Air            0%         2d(0-16)  100%        4
 Animate Armour           Summ/Erth      0%         N/A       100%        4
 Dispel Undead            Necr           0%         3d6       100%        4
 Fulminant Prism          Conj/Alch      0%         3d5       100%        4
 Iskenderun's Mystic Bla  Conj/Tloc      0%         2d3       100%        4
 Martyr's Knell           Necr/Summ      0%         N/A       100%        4
 Summon Lightning Spire   Summ/Air       0%         N/A       100%        4
 Curse of Agony           Necr           0%         N/A       100%        5
 Irradiate                Conj/Alch      0%         3d11      100%        5
 Lee's Rapid Deconstruct  Erth           0%         3d4*      100%        5
 Silence                  Hex/Air        0%         N/A       100%        5
 Death Channel            Necr           0%         N/A       100%        6
 Dispersal                Tloc           0%         N/A       100%        6
 Ignition                 Fire           0%         3d3       100%        8


Dungeon Overview and Level Annotations

Branches:
Dungeon (15/15) Zot: 24923  Temple (1/1) D:6 Zot: 5962    Lair (5/5) D:9 Zot: 25230
 Shoals (4/4) Lair:3 Zot: 18133  Spider (0/4) Lair:3        Slime (0/5) Lair:5
    Orc (2/2) D:12 Zot: 9735     Elf (0/3) Orc:2        Vaults (1/5) D:14 Zot: 4889
 Depths (0/4) D:15          Sewer (visited)          Bailey (visited)
  IceCv (visited)

Altars:
Ashenzari
Cheibriados
Dithmenos
Elyvilon
Fedhas
Gozag
Hepliaklqana
Kikubaaqudgha
Makhleb
Nemelex Xobeh
Okawaru
Qazlal
Ru
Sif Muna
Trog
Uskayaw
Vehumet
Wu Jian
Xom
Yredelemnul
Zin
The Shining One
Jiyva

Shops:
D:3 [   D:13 =   Orc:1 **   Orc:2 ([*:   Shoals:1 ?


Innate Abilities, Weirdness & Mutations

You have a pair of horns on your head.
You reflexively headbutt those who attack you in melee.
You do not regenerate when monsters are visible.


Message History

The shadow dragon claws you but does no damage.
The shadow dragon misses you. You block the slime creature's attack.
The tengu reaver shouts!
You bludgeon the tengu reaver!! You burn the tengu reaver!
The tengu reaver is no longer distracted by gold.
The tengu reaver is severely wounded.
You hit the tengu reaver. You burn the tengu reaver.
You headbutt the tengu reaver.
The tengu reaver is severely wounded.
The tengu reaver casts a spell at you. The bolt of cold hits you! You resist.
* * * LOW HITPOINT WARNING * * *
You block the slime creature's attack.
The shadow dragon breathes negative energy at you.
The bolt of negative energy misses you.
You miss the tengu reaver. You headbutt the tengu reaver!!
You kill the tengu reaver!
The slime creature closely misses you. You furiously retaliate!
You headbutt the slime creature!
You block the shadow dragon's attack. x3
You bludgeon the slime creature!! You burn the slime creature.
The slime creature is severely wounded.
The lindwurm misses you. You furiously retaliate!
You headbutt the lindwurm! The lindwurm misses you.
You block the lindwurm's attack. You block the slime creature's attack.
You block the shadow dragon's attack.
The shadow dragon claws you but does no damage. x2
You hammer the slime creature like a gong!!!
You burn the slime creature.
You kill the slime creature!
You puncture the lindwurm! You burn the lindwurm.
The lindwurm is heavily wounded.
The lindwurm bites you but does no damage.
The lindwurm claws you but does no damage.
You block the lindwurm's attack. You block the shadow dragon's attack.
The shadow dragon barely misses you. You block the shadow dragon's attack.
You impale the lindwurm!! You burn the lindwurm!
You kill the lindwurm!
The shadow dragon breathes negative energy at you.
The bolt of negative energy hits you!!!
You feel drained.
You die...
Your body crumbles into a pile of gold.

#.#'###.# #......#
#.......# #......#
######'## #......#
#...# #......# ##.##
#......# ####.p.#
#......# ...[.p.#
#......#### ...#.k.#
######'#..# ..>..JQ##
###@$..#
.#.####D######.$$D∩[#
...#...))....).)....#
...#...##...[#[...[.#
...#.........(.)....#
###'.#.#######[...>.#
##.#.# ###....# #...#
###..# #### ### #...#
#########+######..###.#


You could see a shadow dragon (catching breath).

Vanquished Creatures
  Jorgrun (D:12)
  Mlioglotl (Shoals:4)
  A tengu reaver (Vaults:1)
  A shadow dragon (Vaults:1)
  Donald (Shoals:1)
  A fire giant (D:12)
  4 ironbound preservers
  4 vault wardens (Vaults:1)
  A very ugly thing (D:15)
  3 orc warlords
  A reaper (IceCv)
  4 ironbound thunderhulks
  3 dire elephants (Vaults:1)
  Snorg (Lair:5)
  An ettin (Orc:1)
  A merfolk javelineer (Shoals:4)
  10 merfolk impalers
  2 yaktaur captains (Vaults:1)
  The ghost of Zapai the Nimble, a journeyman DgAr (Lair:2)
  4 hydras
  A great orb of eyes (Vaults:1)
  3 vault guards (D:14)
  A rakshasa (D:15)
  2 ogre magi (D:15)
  An ironbound frostheart (D:14)
  9 two-headed ogres
  4 merfolk avatars
  6 boulder beetles
  An alligator snapping turtle (Shoals:4)
  9 centaur warriors
  A satyr (Shoals:3)
  6 merfolk aquamancers
  2 tengu warriors (D:14)
  3 death yaks (Lair:2)
  2 hell hogs (Lair:5)
  4 orc high priests
  2 fire crabs (Shoals:1)
  3 skysharks
  17 sea snakes
  A skyshark (shapeshifter) (D:15)
  Amaemon (D:9)
  5 deep trolls
  A glowing orange brain (D:15)
  A phantasmal warrior (Vaults:1)
  3 arcanists (Vaults:1)
  5 ironbound convokers (Vaults:1)
  A deep elf archer (D:14)
  The ghost of Vadun the Ruffian, a novice DrMo of Dithmenos (D:6)
  6 harpies
  3 necromancers (D:14)
  22 ugly things
  5 lindwurms
  13 cyclopes
  6 orc knights
  5 orc sorcerers
  Maurice (D:8)
  An oklob plant (Lair:1)
  26 manticores
  10 fauns (Shoals:1)
  A salamander (Lair:2)
  6 elephants
  6 vault sentinels
  2 black mambas
  An ice statue (IceCv)
  A kobold blastminer (Orc:2)
  3 meliai
  9 merfolk sirens
  6 water nymphs
  A gargoyle (D:13)
  An orange demon (Lair:1)
  10 cane toads
  3 molten gargoyles
  Jeremiah (D:8)
  2 torpor snails
  An efreet (D:15)
  6 rime drakes
  An unseen horror (D:12)
  Maggie (D:7)
  A kobold demonologist (D:11)
  An ice devil (IceCv)
  8 komodo dragons
  2 freezing wraiths
  15 yaktaurs (Vaults:1)
  2 anaconda simulacra (IceCv)
  3 tengu conjurers
  A queen bee (shapeshifter) (D:13)
  A polar bear (Lair:5)
  32 merfolk
  7 trolls
  6 wind drakes
  A wind drake (shapeshifter) (D:14)
  Prince Ribbit (D:8)
  19 snapping turtles
  31 dream sheep
  24 blink frogs
  8 slime creatures
  A shadow (D:12)
  11 wyverns
  4 wraiths
  20 water elementals
  3 wargs
  29 yaks
  20 humans
  8 basilisks
  4 fire bats
  3 redbacks (Lair:3)
  10 vampire mosquitoes
  8 steam dragons
  Menkaure (D:5)
  2 harpy simulacra (IceCv)
  4 acid dragons
  10 water moccasins
  4 hell hounds (Lair:5)
  55 orc warriors
  A sky beast (D:7)
  4 black bears
  An ice beast (D:7)
  2 laughing skulls (D:14)
  8 ogres
  5 boggarts (Vaults:1)
  7 wolves
  24 centaurs
  2 phantoms
  5 kobold brigands
  16 bullfrogs
  2 cane toad simulacra (IceCv)
  6 scorpions
  2 gnoll sergeants
  5 two-headed ogre simulacra (IceCv)
  8 wights (D:8)
  3 elephant simulacra (IceCv)
  4 killer bees (D:7)
  8 howler monkeys
  4 electric eels
  6 lava snakes
  2 bombardier beetles
  4 hounds
  13 jellies
  27 orc priests
  6 iguanas
  31 orc wizards
  5 spriggan simulacra (IceCv)
  2 polar bear simulacra (IceCv)
  6 troll simulacra (IceCv)
  A wolf simulacrum (IceCv)
  10 adders
  11 gnolls
  5 naga simulacra (IceCv)
  A river rat (D:5)
  2 shadow imps
  21 white imps
  11 ufetubi
  A dart slug (D:4)
  5 ribbon worms
  112 orcs
  10 ball pythons
  38 endoplasms
  4 giant cockroaches
  11 goblins
  8 hobgoblins
  18 kobolds
  5 quokkas
  5 bats
  4 frilled lizards
  13 rats
  A butterfly (Lair:2)
1178 creatures vanquished.

Vanquished Creatures (others)
  A merfolk impaler (Shoals:4)
  A merfolk avatar (Shoals:4)
  A two-headed ogre (D:15)
  A boggart (Vaults:1)
  An orc priest (Orc:2)
  A kobold (D:8)
6 creatures vanquished.

Grand Total: 1184 creatures vanquished

Notes
Turn   | Place    | Note
-------+----------+-------------------------------------------
     0 | D:1      | trckry the Minotaur Fighter began the quest for the Orb.
     0 | D:1      | Reached XP level 1. HP: 19/19 MP: 0/0
   674 | D:2      | You fall into a shaft and drop 2 floors!
   679 | D:4      | Reached XP level 2. HP: 27/27 MP: 1/1
   921 | D:4      | Noticed a phantom
  1097 | D:2      | Reached XP level 3. HP: 33/33 MP: 2/2
  1836 | D:2      | Reached XP level 4. HP: 40/40 MP: 3/3
  1941 | D:3      | Found Xuoboxt's Armour Shoppe.
  2213 | D:3      | Identified the +0 cloak of Hyodatyss {rF+ rCorr Str+4
                  | Int+3}
  2306 | D:3      | Reached XP level 5. HP: 45/46 MP: 4/4
  2418 | D:4      | Killed a phantom
  2419 | D:4      | Reached skill level 5 in Maces & Flails
  2419 | D:4      | Reached skill level 5 in Shields
  2503 | D:4      | Found a broken altar of Ashenzari.
  2537 | D:4      | Reached skill level 5 in Armour
  2770 | D:4      | Reached XP level 6. HP: 39/52 MP: 5/5
  3583 | D:4      | Found a shimmering altar of Xom.
  3625 | D:5      | Entered Level 5 of the Dungeon
  3769 | D:5      | Reached XP level 7. HP: 57/58 MP: 6/6
  3993 | D:5      | Found a glowing drain.
  4009 | Sewer    | Entered a sewer
  4273 | Sewer    | Found a viscous altar of Jiyva.
  4540 | D:5      | Reached XP level 8. HP: 62/66 MP: 7/7
  4746 | D:5      | Noticed Menkaure
  4752 | D:5      | Killed Menkaure
  5002 | D:6      | Found an opulent altar of Gozag.
  5002 | D:6      | Found an iron altar of Okawaru.
  5010 | D:6      | Found a faded altar of an unknown god.
  5012 | D:6      | Found a glowing silver altar of Zin.
  5014 | D:6      | Found a faded altar of an unknown god.
  5017 | D:6      | Prayed at the altar of an unknown god.
  5017 | D:6      | Became a worshipper of Gozag Ym Sagoz the Greedy
  5140 | D:6      | Found a runed translucent door.
  5140 | D:6      | Noticed Vadun's ghost (novice DrMo)
  5411 | D:6      | Found a staircase to the Ecumenical Temple.
  5456 | Temple   | Entered the Ecumenical Temple
  5555 | D:6      | Found a blossoming altar of Fedhas.
  5897 | D:6      | Reached skill level 10 in Maces & Flails
  6127 | D:7      | Reached XP level 9. HP: 62/71 MP: 8/8
  6419 | D:7      | Noticed a cyan ugly thing
  6441 | D:7      | Killed a cyan ugly thing
  6496 | D:7      | Found a flagged portal.
  6569 | Bailey   | Entered a bailey
  6855 | Bailey   | Noticed an orc knight
  6855 | Bailey   | Noticed an orc knight
  7200 | Bailey   | Killed an orc knight
  7201 | Bailey   | Reached skill level 1 in Evocations
  7497 | Bailey   | Identified the +0 kite shield of the Gastropod {rC+}
  7539 | Bailey   | Killed an orc knight
  7540 | Bailey   | Reached XP level 10. HP: 5/80 MP: 9/9
  8277 | D:7      | Noticed Maggie
  8281 | D:7      | Killed Maggie
  8492 | D:8      | Reached skill level 5 in Fighting
  8539 | D:8      | Found a shadowy altar of Dithmenos.
  8540 | D:8      | Found a white marble altar of Elyvilon.
  8541 | D:8      | Found a stormy altar of Qazlal.
  8541 | D:8      | Found a bloodstained altar of Trog.
  8726 | D:8      | Noticed a boulder beetle
  8745 | D:8      | Killed a boulder beetle
  8759 | D:8      | Noticed a green ugly thing
  8770 | D:8      | Killed a green ugly thing
  8771 | D:8      | Reached skill level 10 in Armour
  8784 | D:8      | Noticed a cyclops
  8799 | D:8      | Noticed Maurice
  8873 | D:8      | Reached skill level 10 in Shields
  8968 | D:8      | Killed a cyclops
  8994 | D:8      | Killed Maurice
  9031 | D:8      | Reached XP level 11. HP: 91/91 MP: 10/10
  9054 | D:8      | Noticed Jeremiah
  9074 | D:8      | Killed Jeremiah
  9162 | D:8      | Noticed a boulder beetle
  9184 | D:8      | Killed a boulder beetle
  9280 | D:8      | Noticed Prince Ribbit
  9306 | D:8      | Killed Prince Ribbit
  9747 | D:8      | Upgraded the game from 0.31.0 to 0.31.0-2-g5a2aebc5c2
 10075 | D:9      | Found a shadowy altar of Dithmenos.
 10115 | D:9      | Found a staircase to the Lair.
 10127 | D:9      | Found a hide-covered altar of Uskayaw.
 10342 | D:10     | Entered Level 10 of the Dungeon
 10723 | D:10     | Found a bloodstained altar of Trog.
 11211 | D:11     | Identified the +1 dagger of Midnight {heavy, rPois rC+
                  | Int+2 Dex-4}
 11309 | D:11     | Noticed a white ugly thing
 11319 | D:11     | Noticed a red ugly thing
 11329 | D:11     | Killed a red ugly thing
 11330 | D:11     | Reached skill level 1 in Dodging
 11330 | D:11     | Reached skill level 5 in Evocations
 11344 | D:11     | Killed a red ugly thing
 11445 | D:11     | Reached XP level 12. HP: 101/101 MP: 11/11
 11606 | D:11     | Reached skill level 15 in Maces & Flails
 11914 | D:11     | Noticed a two-headed ogre
 11935 | D:11     | Killed a two-headed ogre
 12134 | D:12     | Noticed a centaur warrior
 12142 | D:12     | Killed a centaur warrior
 12246 | D:12     | Found a staircase to the Orcish Mines.
 12452 | D:12     | Noticed a fire giant
 12452 | D:12     | Noticed a boulder beetle
 12489 | D:12     | Killed a fire giant
 12597 | D:12     | Killed a boulder beetle
 12974 | D:12     | Noticed a boulder beetle
 12987 | D:12     | Killed a boulder beetle
 13187 | D:12     | Noticed a two-headed ogre
 13198 | D:12     | Killed a two-headed ogre
 13518 | Orc:1    | Entered Level 1 of the Orcish Mines
 13518 | Orc:1    | Noticed Jorgrun
 13521 | Orc:1    | Noticed an orc warlord
 13580 | D:12     | Killed an orc warlord
 13629 | Orc:1    | Noticed an orc high priest
 13721 | D:12     | Killed Jorgrun
 13722 | D:12     | Reached XP level 13. HP: 30/112 MP: 12/12
 13873 | D:12     | Reached skill level 5 in Dodging
 13972 | Orc:1    | Found Roamuo's Mayhem Merchandise.
 14120 | Orc:2    | Entered Level 2 of the Orcish Mines
 14229 | Orc:2    | Noticed an orc warlord
 14316 | Orc:1    | Reached skill level 10 in Fighting
 14336 | Orc:1    | Killed an orc warlord
 14348 | Orc:2    | Gained mutation: You do not regenerate when monsters are
                  | visible. [a neqoxec]
 14663 | Orc:2    | Found a frozen archway.
 14685 | IceCv    | Entered an ice cave
 14837 | IceCv    | Got the Folio of Charged Shifting
 15192 | IceCv    | Noticed a reaper
 15219 | IceCv    | Killed a reaper
 15291 | IceCv    | Found the +8 longbow "Zephyr" {speed, Dex+3 SInv}
 15310 | IceCv    | Identified the ring "Veitiab" {rElec rPois Will+}
 16321 | Orc:2    | Found Xefil's Antique Armour Shoppe.
 16322 | Orc:2    | Found Otaddal's Antique Weapon Shoppe.
 16323 | Orc:2    | Found Tonlo's General Store.
 16323 | Orc:2    | Found Qoasob's Book Emporium.
 16470 | Orc:2    | Found a burning altar of Makhleb.
 16484 | Orc:2    | HP: 12/115 [cyclops (16)]
 16485 | Orc:2    | Found a staircase to the Elven Halls.
 16502 | Orc:2    | HP: 17/172 [orc priest/divine providence (16)]
 17079 | Orc:1    | Found Badoaceetz's General Store.
 17082 | Orc:1    | Noticed an orc warlord
 17119 | Orc:1    | Noticed an ettin
 17158 | Orc:2    | Killed an orc warlord
 17220 | Orc:1    | Killed an ettin
 17435 | Orc:1    | Bought a potion of curing for 39 gold pieces
 17435 | Orc:1    | Bought a scroll of fear for 52 gold pieces
 17435 | Orc:1    | Bought a scroll of identify for 26 gold pieces
 17435 | Orc:1    | Bought a scroll of teleportation for 39 gold pieces
 17435 | Orc:1    | Bought a potion of curing for 39 gold pieces
 17507 | Orc:2    | Bought a potion of mutation for 112 gold pieces
 17507 | Orc:2    | Bought a wand of paralysis (6) for 201 gold pieces
 17507 | Orc:2    | Bought a scroll of identify for 28 gold pieces
 17698 | D:6      | Killed Vadun's ghost
 17792 | Lair:1   | Entered Level 1 of the Lair of Beasts
 17817 | Lair:1   | Reached XP level 14. HP: 124/124 MP: 13/13
 17885 | Lair:1   | Noticed Amaemon
 17934 | D:9      | Killed Amaemon
 19267 | Lair:2   | Found a large runed translucent door.
 19267 | Lair:2   | Found a large runed translucent door.
 19271 | Lair:2   | Noticed Zapai's ghost (journeyman DgAr)
 19297 | Lair:2   | Killed Zapai's ghost
 20066 | Lair:3   | Found a hole to the Spider Nest.
 21324 | Lair:5   | Entered Level 5 of the Lair of Beasts
 21686 | Lair:5   | Reached XP level 15. HP: 103/134 MP: 14/14
 21818 | Lair:5   | Noticed Snorg
 21827 | Lair:5   | Killed Snorg
 21861 | Lair:5   | Found a viscous altar of Jiyva.
 21861 | Lair:5   | Found a staircase to the Slime Pits.
 22099 | Lair:5   | Found a large runed translucent door.
 22142 | Lair:5   | Found a large runed translucent door.
 22582 | Lair:5   | Reached skill level 15 in Armour
 23207 | D:13     | Found Mywif's Jewellery Shoppe.
 23210 | D:13     | Bought a ring of see invisible for 225 gold pieces
 23210 | D:13     | Bought the ring "Tenyuwuw" {Fly rPois} for 430 gold pieces
 23210 | D:13     | Bought an amulet of reflection for 450 gold pieces
 23601 | D:13     | Reached skill level 15 in Shields
 24031 | D:14     | Found a transporter.
 24116 | D:14     | Reached skill level 10 in Dodging
 24600 | D:14     | Reached skill level 10 in Evocations
 24639 | D:14     | Found a gate to the Vaults.
 25190 | D:14     | Found a transporter.
 25314 | D:15     | Entered Level 15 of the Dungeon
 25913 | D:15     | Reached XP level 16. HP: 112/146 MP: 15/15
 25977 | D:15     | Found a staircase to the Depths.
 26534 | Shoals:1 | Entered Level 1 of the Shoals
 26566 | Shoals:1 | Found Zukah's Magic Scroll Boutique.
 26684 | Shoals:1 | Bought 2 scrolls of enchant armour for 285 gold pieces
 26684 | Shoals:1 | Bought a scroll of teleportation for 57 gold pieces
 26684 | Shoals:1 | Bought a scroll of enchant weapon for 142 gold pieces
 26684 | Shoals:1 | Bought a scroll of fear for 76 gold pieces
 26763 | Shoals:1 | Noticed Donald
 26778 | Shoals:1 | Killed Donald
 27219 | Shoals:1 | Identified the +2 robe "Tikef" {Harm Str-2 Int+3}
 27975 | Shoals:4 | Entered Level 4 of the Shoals
 28240 | Shoals:4 | HP: 20/147 [merfolk aquamancer/+1 rapier of flaming (5)]
 28243 | Shoals:4 | Reached skill level 15 in Fighting
 28278 | Shoals:4 | Got a barnacled rune of Zot
 28280 | Shoals:4 | Got an azure gem with 86 turns to spare
 28543 | Shoals:4 | HP: 16/149 [drowned by a drowned soul[a merfolk avatar]
                  | (14)]
 28548 | Shoals:4 | HP: 11/149 [manticore/volley of spikes (5)]
 28548 | Shoals:4 | HP: 1/149 [drowned by a drowned soul[a merfolk avatar]
                  | (10)]
 29187 | Shoals:4 | Noticed Mlioglotl
 29200 | Shoals:4 | Killed Mlioglotl
 29222 | Shoals:4 | Reached XP level 17. HP: 92/156 MP: 16/16
 29295 | Shoals:4 | Reached XP level 18. HP: 135/163 MP: 17/17
 32688 | D:13     | Identified 3 scrolls of acquirement
 32779 | Vaults:1 | Entered Level 1 of the Vaults
 33803 | Vaults:1 | Identified the +1 robe of the Big Bang {rF++ rN+ Str-3
                  | Archmagi}
 34131 | Vaults:1 | HP: 25/168 [poisoned by an ironbound convoker]
 34137 | Vaults:1 | HP: 24/168 [ironbound frostheart/creeping frost (8)]
 34143 | Vaults:1 | HP: 20/168 [ironbound frostheart (11)]
 34452 | Vaults:1 | HP: 25/168 [yaktaur/bolt[a vault warden] (2)]
 34454 | Vaults:1 | HP: 8/168 [yaktaur/bolt[a vault warden] (17)]
 34460 | Vaults:1 | HP: 17/168 [yaktaur[a vault warden] (9)]
 34653 | Vaults:1 | Identified the +0 robe of Fun and Games {Harm rPois rN+}
 34719 | Vaults:1 | HP: 11/139 [shadow dragon/bolt of negative energy (39)]
 34826 | D:14     | Acquired 725 gold pieces
 34827 | D:14     | Acquired 643 gold pieces
 34828 | D:14     | Acquired the +2 pair of boots of the Pit {Dex+5}
 34877 | Vaults:1 | Reached XP level 19. HP: 47/131 MP: 18/18
 34886 | Vaults:1 | Killed from afar by a shadow dragon

Illustrated notes

Levels and vault maps discovered:
D:1:      dpeg_arrival_rhombi, layout_loops_cross, hangedman_decor_growths,
          serial_bayou_crossing
D:2:      layout_basic
D:3:      layout_rooms, serial_shops, nicolae_shop_crystal
D:4:      layout_basic, mainiacjoe_overflow_brackets,
          lemuel_coloured_pillars_altar, minmay_misc_feat_ornament
D:5:      layout_loops_corners, gup_sewer_entry_bubbles,
          nicolae_kite_square_tiling_tiny, uniq_menkaure
D:6:      layout_loops_corners, mainiacjoe_overflow_tiny_flanked,
          chequers_temple_overflow_minitemple, minmay_temple_entry_butterflies,
          gammafunk_ghost_grave, kennysheep_decorative_pillar
D:7:      layout_basic, enter_bailey_4, uniq_maggie
D:8:      minmay_the_grid_octo_tiled_octocenter [minmay_the_grid_octo_shrine,
          minmay_the_grid_octo_tetromino_candy, minmay_the_grid_octo_toaster,
          minmay_the_grid_octo_chip, minmay_the_grid_octo_prize_big_c,
          minmay_the_grid_square_5x5_spiral_small,
          minmay_the_grid_square_5x5_sharp_hourglass,
          minmay_the_grid_square_5x5_empty,
          minmay_the_grid_square_5x5_half_checkered], layout_cave_pools,
          minmay_between, uniq_jeremiah, uniq_prince_ribbit1, uniq_maurice
D:9:      layout_cave_pools, kennysheep_mini,
          nicolae_uskayaw_murder_on_the_dancefloor, david_lair_generic
D:10:     layout_irregular_city, mainiacjoe_overflow_chevrons
D:11:     cheibrodos_steamvent, layout_stronghold
D:12:     hourglass_vault, layout_grid_maze, hiddenorc2_lemuel
D:13:     layout_loops_corners, serial_shops, nicolae_shop_real_fake_doors,
          kennysheep_big_empty_room, minmay_misc_feat_iff
D:14:     layout_loops_cross, grunt_vaults_entry_tiered, nicolae_diode_stairs
D:15:     gammafunk_enter_depths_forms, layout_cave_pools, hex_medium
Temple:   nicolae_temple_god_jail
Lair:1:   lemuel_slime, layout_hall_layers, grunt_megastairs_4,
          lemuel_fruit_fields, lemuel_fruit_fields, uniq_amaemon
Lair:2:   layout_chaotic_city, ebering_ghost_disaster_area, lemuel_fruit_fields,
          serial_bayou_shore_a
Lair:3:   layout_misc_corridors, nicolae_shoals_entry_flooding,
          spider_nest_entry_webs, dreamdust_mushroom_princess,
          small_statue_intersection, st_stairs_9, nicolae_quartered_pool_medium,
          kennysheep_catoblepas_arena, lemuel_fruit_fields
Lair:4:   layout_loops_ring
Lair:5:   cheibrodos_lair_end_hotspot, layout_long_grid,
          nicolae_slime_entry_slimehenge, uniq_snorg
Shoals:1: layout_shoals, serial_shops, shop, hangedman_shoal_volcano,
          uniq_donald
Shoals:2: layout_shoals
Shoals:3: layout_shoals, nicolae_shoals_shepherds
Shoals:4: shoals_end_simple, layout_shoals, uniq_mlioglotl
Orc:1:    layout_diamond_mine, serial_shops, nicolae_shop_statue_plus,
          minmay_shop_mayhem, bh_open_orc_temple, uniq_jorgrun
Orc:2:    st_orc_congregation, layout_caves, basic_altar,
          portal_ice_cave_entry_imps, nicolae_orc_crystal_geode
Vaults:1: ontoclasm_vaults_fault, vaults_mumra_chevron_long,
          nicolae_vaults_mini_display_case, hangedman_vaults_variations,
          grunt_vaults_hallway_long, hangedman_vaults_snaps,
          nicolae_vaults_trapezoid_1, v_misc_16, v_misc_8,
          dpeg_vaults_hating_casters, nicolae_vaults_weapon_check, v_rooms_1,
          vaults_dpeg_hooks, nicolae_vaults_sesquioval_fish,
          nicolae_vaults_tetromino_L_1, layout_vaults_big_cross

Skill      XL: |  1  2  3  4  5  6  7  8  9 10 11 12 13 14 15 16 17 18 |
---------------+-------------------------------------------------------+-----
Shields        | 4 5 6 7 9 10 11 12 13 14 15 16 18 | 18.1
Maces & Flails | 3 4 5 6 8 10 12 13 14 16 | 16.0
Armour         | 4 5 6 7 9 10 11 12 13 14 15 17 18 | 18.2
Fighting       | 4 6 8 9 11 12 14 15 16 | 16.7
Evocations     | 1 3 5 6 7 9 10 11 12 13 | 13.4
Dodging        | 1 4 7 9 10 12 13 | 13.7

Action                     |  1- 3 |  4- 6 |  7- 9 | 10-12 | 13-15 | 16-18 | 19-21 || total
---------------------------+-------+-------+-------+-------+-------+-------+-------++-------
  Melee: Flail             |    80 |   131 |   294 |   775 |   358 |       |       ||  1638
         Headbutt          |    14 |    13 |    44 |   171 |   334 |   365 |     2 ||   943
         Demon whip        |       |       |       |       |  1255 |  1335 |       ||  2590
         Eveningstar       |       |       |       |       |       |    12 |     9 ||    21
         Unarmed           |       |       |       |       |       |     4 |       ||     4
   Fire: Sling             |       |       |       |     3 |       |       |       ||     3
  Throw: Dart              |       |       |    21 |    31 |       |       |       ||    52
         Javelin           |       |       |       |     3 |       |       |       ||     3
 Invoke: Potion Petition   |       |       |     1 |     4 |     7 |     8 |       ||    20
  Evoke: Wand              |       |       |    13 |     9 |       |     9 |       ||    31
         Lightning rod     |       |       |       |     1 |     3 |       |       ||     4
    Use: Potion            |       |       |       |       |       |    11 |     1 ||    12
         Scroll            |       |       |       |       |       |    45 |       ||    45
   Stab: Distracted        |       |       |     1 |     5 |     5 |     7 |       ||    18
         Paralysed         |       |       |     5 |     6 |       |       |       ||    11
         Invisible         |       |       |       |       |     4 |     6 |       ||    10
 Armour: Scale mail        |    44 |       |       |       |       |       |       ||    44
         Chain mail        |     4 |   100 |   223 |       |       |       |       ||   327
         Plate armour      |       |       |       |   518 |   213 |       |       ||   731
         Crystal plate arm |       |       |       |       |   646 |   867 |     9 ||  1522
         Skin              |       |       |       |       |    12 |     3 |       ||    15
  Dodge: Dodged            |    33 |    49 |   110 |   155 |   348 |   349 |     7 ||  1051
  Block: Buckler           |    18 |    31 |    77 |       |       |       |       ||   126
         Kite shield       |       |       |       |   362 |   623 |   700 |    15 ||  1700
         Reflection        |       |       |       |       |       |    71 |       ||    71
